Map: Moondance

Players

PiLiPiLi

  • Race: Protoss Protoss
  • Spawn Location: 6:00

Creator - Winner!

  • Race: Protoss Protoss
  • Spawn Location: 12:00

Event: DreamHack SC2 Masters 2022 Atlanta (Offline)

VOD

Have the link to the VOD?

Description

Time

  • Played on: Nov. 18, 2022, 1:07 p.m.
  • Length: 6:05

All games in this series

Show
View Real Time Build Order
Export as new Build Order

PiLiPiLi Protoss 

Build Orders:  

Get SALT Encoding   

  12  0:00  Probe  
  13  0:12  Probe  
  14  0:17  Pylon  
  14  0:24  Probe (Chrono Boost)  
  15  0:37  Probe (Chrono Boost), Gateway  
  16  0:45  Probe (Chrono Boost)  
  16  0:46  Assimilator  
  17  0:51  Probe  
  17  0:55  Assimilator  
  18  1:03  Probe (Chrono Boost)  
  19  1:08  Gateway  
  19  1:14  Probe (Chrono Boost)  
  20  1:19  Probe (Chrono Boost)  
  21  1:26  Cybernetics Core  
  21  1:29  Probe  
  22  1:39  Pylon  
  22  1:43  Probe  
  23  1:57  Probe  
  24  2:02  Stalker  
  24  2:04  Stalker  
  24  2:06  Warp Gate (Chrono Boost)  
  27  2:18  Pylon  
  27  2:32  Stalker  
  27  2:34  Stalker  
  31  2:39  Robotics Facility  
  31  3:02  Stalker  
  31  3:04  Stalker  
  35  3:16  Gateway  
  35  3:19  Pylon  
  35  3:30  Warp Prism (Chrono Boost)  
  37  3:36  Pylon  
  37  3:49  Stalker  
  37  3:50  Stalker  
  41  3:59  Observer  
  42  4:22  Stalker x3  
  46  4:50  Stalker x3  
  52  4:53  Gateway  
  52  5:16  Stalker  
  54  5:38  Pylon  
  52  5:44  Zealot  
  50  5:51  Stalker  
  50  5:52  Stalker  
Show
View Real Time Build Order
Export as new Build Order

Creator Protoss - Winner!

Build Orders: Phoenix Opening 

Get SALT Encoding   

  12  0:00  Probe  
  13  0:12  Probe  
  14  0:16  Pylon  
  14  0:24  Probe (Chrono Boost)  
  16  0:36  Probe (Chrono Boost)  
  16  0:37  Gateway  
  16  0:43  Probe (Chrono Boost)  
  16  0:46  Assimilator  
  17  0:50  Probe  
  18  0:58  Assimilator  
  18  1:03  Probe (Chrono Boost)  
  19  1:07  Gateway  
  19  1:13  Probe (Chrono Boost)  
  19  1:18  Probe (Chrono Boost)  
  20  1:24  Cybernetics Core  
  21  1:29  Probe  
  22  1:34  Pylon  
  22  1:41  Probe  
  23  1:53  Probe  
  24  2:00  Warp Gate, Stalker x2  
  28  2:08  Pylon  
  28  2:27  Pylon  
  28  2:35  Sentry  
  28  2:36  Sentry  
  32  2:46  Nexus  
  32  2:47  Probe  
  33  2:55  Shield Battery  
  33  3:01  Sentry  
  33  3:03  Stalker  
  37  3:06  Probe  
  37  3:11  Phoenix, Pylon  
  38  3:19  Probe  
  39  3:24  Twilight Council  
  39  3:31  Probe  
  40  3:43  Probe (Chrono Boost)  
  40  3:47  Pylon  
  41  3:54  Probe (Chrono Boost)  
  42  3:57  Stalker x2  
  42  3:59  Robotics Facility  
  46  4:05  Shield Battery  
  46  4:19  Stalker x2  
  46  4:39  Stalker x2  
  46  4:47  Immortal (Chrono Boost)  
  46  4:52  Probe  
  51  4:53  Probe  
  51  4:57  Shield Battery  
  52  5:02  Zealot, Stalker  
  52  5:07  Probe x2  
  58  5:20  Immortal (Chrono Boost)  
  57  5:29  Zealot  
  57  5:30  Zealot  
  57  5:32  Probe  
  57  5:34  Probe  
  63  5:45  Probe  
  63  5:46  Probe  
  61  5:50  Stalker x2  
Tags
 
Add a new tag
Caveats
  • Supply blocks, unpowered buildings, or Contaminate may cause inaccurate times.
  • Supply counts are checked every 10 seconds.